 Dungeon Crawl Stone Soup version 0.32-a0-913-g739538afd8 (webtiles) character file.

Game seed: 80446484314329898

3262 Fractals the Fighter (level 9, -16/86 HPs)
             Began as a Mountain Dwarf Berserker on Apr 7, 2024.
             Was an Elder of Trog.
             Demolished by a two-headed ogre
             ... wielding a +0 giant club
              (22 damage)
             ... on level 8 of the Dungeon.
             The game lasted 00:19:38 (8065 turns).

Fractals the Fighter (Mountain Dwarf Berserker)     Turns: 8065, Time: 00:19:38

Health: -16/86     AC: 13    Str: 25    XL:     9   Next: 68%
Magic:  9/9        EV:  9    Int:  9    God:    Trog [****..]
Gold:   404        SH:  0    Dex: 13    Spells: 8/8 levels left

rFire   . . .        C - +1 hand axe (vamp)
rCold   . . .        (no shield)
rNeg    . . .        t - +0 chain mail
rPois   .            D - +1 helmet
rElec   .            n - +0 cloak
rCorr   .            (no gloves)
SInv    +            s - +0 pair of boots
Will    .....        (no amulet) Stlth
                     q - +6 ring of strength
HPRegen 0.34/turn    z - ring of see invisible
MPRegen 0.11/turn

%: no passive effects
@: on berserk cooldown, slowed, very slow
A: runic magic, artefact enchanting
a: Renounce Religion, Berserk, Trog's Hand, Brothers in Arms


You were on level 8 of the Dungeon.
You worshipped Trog.
Trog was greatly pleased with you.
You visited 1 branch of the dungeon, and saw 8 of its levels.
You also visited: Ossuary.

You collected 404 gold pieces.

Inventory:

Hand Weapons
 A - the +1 whip of Essoox {freeze, rC++}
   (You took it off an orc on level 5 of the Dungeon)

   rC++:      It greatly protects you from cold.
 C - a +1 vampiric hand axe (weapon)
Missiles
 d - 16 boomerangs (quivered)
Armour
 n - a +0 cloak (worn)
 s - a +0 pair of boots (worn)
 t - a +0 chain mail (worn)
 D - a +1 helmet (worn)
Jewellery
 o - a ring of protection from cold
 q - a +6 ring of strength (left hand)
 z - a ring of see invisible (right hand)
Wands
 u - a wand of paralysis (11)
 E - a wand of flame (14)
Scrolls
 a - 2 scrolls of teleportation
 c - a scroll of enchant armour
 f - a scroll of poison
 g - 3 scrolls of identify
 j - a scroll of revelation {unknown}
 k - 2 scrolls of silence
 m - a scroll of immolation {unknown}
 r - a scroll of fear
 y - a scroll of blinking {unknown}
 B - a scroll of fog
 H - a scroll of torment {unknown}
Potions
 b - a potion of invisibility
 e - 6 potions of curing
 h - a potion of enlightenment
 i - a potion of haste
 l - a potion of berserk rage {unknown}
 p - a potion of brilliance {unknown}
 v - 5 potions of heal wounds
 w - 2 potions of cancellation
 x - a potion of magic {unknown}
 F - a potion of attraction {unknown}
 G - a potion of lignification {unknown}


   Skills:
 + Level 10.9 Fighting
 - Level 6.0 Axes
 - Level 4.0 Armour
 - Level 5.1 Dodging
 + Level 5.9 Evocations


You had 8 spell levels left.
You didn't know any spells.
Your spell library was empty.

Dungeon Overview and Level Annotations

Branches:
Dungeon (8/15)             Temple (0/1) D:4            Lair (0/5) D:8
Ossuary (visited)

Altars:
Ru
Trog


Innate Abilities, Weirdness & Mutations

Your spellcasting is much less encumbered by armour.
You can use scrolls of enchantment on lesser artefacts.


Message History

The two-headed ogre hits you with a +0 giant club! x2
You slash the two-headed ogre!
The two-headed ogre is moderately wounded.
You slash the two-headed ogre!
You feel better.
The two-headed ogre is heavily wounded.
The two-headed ogre misses you.
The two-headed ogre hits you with a +0 giant club!!
You barely miss the two-headed ogre.
The two-headed ogre is heavily wounded.
You slash the two-headed ogre!
You feel better.
The two-headed ogre is heavily wounded.
The two-headed ogre hits you with a +0 giant club.
The two-headed ogre closely misses you.
You hit the two-headed ogre.
The two-headed ogre is severely wounded.
You slash the two-headed ogre!
The two-headed ogre is severely wounded.
The two-headed ogre hits you but does no damage.
The two-headed ogre hits you with a +0 giant club!
You hit the two-headed ogre.
You feel better.
The two-headed ogre is almost dead.
You closely miss the two-headed ogre.
The two-headed ogre is almost dead.
You are no longer berserk.
You are exhausted.
You feel yourself slow down.
You barely miss the two-headed ogre.
The two-headed ogre is almost dead.
The two-headed ogre hits you with a +0 giant club!!
The two-headed ogre hits you with a +0 giant club!
You completely miss the two-headed ogre.
The two-headed ogre is almost dead.
The two-headed ogre hits you but does no damage.
The two-headed ogre barely misses you.
You hit the two-headed ogre.
The two-headed ogre is almost dead.
The two-headed ogre hits you with a +0 giant club!!
* * * LOW HITPOINT WARNING * * *
The two-headed ogre hits you with a +0 giant club!!
You die...

############# ####
......).....#### #.>#
#########......#########.#### #
###............†))).O.## #
#####.#......############..#
###............# #...# ##.#
......#.#####..###...# #.###
###.###.# ##..O....# #...#
###.#...# ###@....#######†.###
.#..#.#.# #.#...##.>........
.....>#.########.##..#...........
.#...##.#......#.##..............
.#.#.##.#........##......<.......
##.#.##.#.......###.......)......
##.#.##.#.......###...........(..
##.#...........###...............
#..####........###....)..........


You could see a two-headed ogre.

Vanquished Creatures
  Prince Ribbit (D:5)
  6 yaks (D:8)
  A water moccasin (D:7)
  3 sky beasts (D:7)
  An ice beast (D:6)
  2 phantoms
  A gnoll sergeant (D:8)
  3 bullfrogs
  A scorpion (D:5)
  3 water moccasin zombies (Ossuary)
  3 wights (D:7)
  A burial acolyte (Ossuary)
  A bombardier beetle (D:5)
  2 hounds
  A gnoll bouda (D:4)
  A human zombie (D:4)
  2 orc priests (D:5)
  3 iguanas
  2 sleepcaps
  Natasha (twice) (D:3)
  6 orc wizards
  2 crocodile zombies (Ossuary)
  2 mummies (Ossuary)
  5 adders
  10 gnolls
  3 white imps
  2 adder zombies (Ossuary)
  2 dart slugs
  4 ribbon worms
  26 orcs
  9 ball pythons
  5 endoplasms
  5 giant cockroaches
  7 gnoll zombies
  6 goblins
  4 hobgoblins (D:1)
  5 quokkas
  6 bats
  3 frilled lizards
  3 jackal zombies
  8 kobolds
  4 orc zombies (Ossuary)
  6 rats
173 creatures vanquished.

Notes
Turn   | Place    | Note
-------+----------+-------------------------------------------
     0 | D:1      | Fractals the Mountain Dwarf Berserker began the quest for
                  | the Orb.
     0 | D:1      | Reached XP level 1. HP: 19/19 MP: 1/1
   117 | D:1      | Reached XP level 2. HP: 17/26 MP: 2/2
   673 | D:1      | Reached ** piety under Trog
   824 | D:1      | Reached XP level 3. HP: 33/33 MP: 3/3
  1214 | D:2      | Reached skill level 4 in Fighting
  2447 | D:3      | Reached XP level 4. HP: 21/41 MP: 4/4
  2646 | D:3      | Found a faded altar of an unknown god.
  2801 | D:3      | Noticed Natasha
  2817 | D:3      | Killed Natasha
  3044 | D:3      | Noticed Natasha
  3056 | D:3      | Killed Natasha
  3057 | D:3      | Reached skill level 5 in Fighting
  3057 | D:3      | Reached XP level 5. HP: 38/48 MP: 5/5
  3314 | D:4      | Found a staircase to the Ecumenical Temple.
  3457 | D:4      | Reached *** piety under Trog
  3519 | D:4      | Reached XP level 6. HP: 26/57 MP: 6/6
  3697 | D:4      | Found a sand-covered staircase.
  3720 | Ossuary  | Entered an ossuary
  3751 | Ossuary  | Reached skill level 6 in Fighting
  4000 | Ossuary  | Reached XP level 7. HP: 41/64 MP: 7/7
  4517 | D:5      | Entered Level 5 of the Dungeon
  4518 | D:5      | Noticed Prince Ribbit
  4717 | D:5      | Killed Prince Ribbit
  4718 | D:5      | Reached skill level 7 in Fighting
  4718 | D:5      | Reached skill level 5 in Axes
  4896 | D:5      | Identified the +1 whip of Essoox {freeze, rC++}
  4901 | D:5      | Reached **** piety under Trog
  5006 | D:5      | Reached XP level 8. HP: 49/73 MP: 8/8
  5600 | D:6      | Reached skill level 8 in Fighting
  5604 | D:6      | Reached skill level 5 in Dodging
  5689 | D:5      | HP: 3/75 [steam dragon (2)]
  6343 | D:6      | Found a sacrificial altar of Ru.
  6343 | D:6      | Found a bloodstained altar of Trog.
  6669 | D:7      | Reached skill level 9 in Fighting
  6915 | D:7      | Reached skill level 1 in Evocations
  7042 | D:7      | Reached XP level 9. HP: 45/81 MP: 9/9
  7557 | D:8      | Reached skill level 10 in Fighting
  7575 | D:8      | Reached skill level 5 in Evocations
  7664 | D:8      | Reached ***** piety under Trog
  7841 | D:8      | Found a staircase to the Lair.
  7987 | D:8      | Noticed a two-headed ogre
  8065 | D:8      | Demolished by a two-headed ogre

Illustrated notes

Levels and vault maps discovered:
D:1:      matt_arrival_debris, layout_basic
D:2:      layout_loops_corners
D:3:      layout_rooms, gup_sewer_entry_spiral,
          shapermc_ecumenical_altar_hornbeckon, minmay_misc_feat_encased,
          serial_bayou_crossing, uniq_natasha
D:4:      layout_loops_ring, minmay_temple_entry_tees, enter_ossuary_3,
          fountainhead, st_stairs_2
D:5:      layout_cave_pools, uniq_prince_ribbit1
D:6:      layout_cave_pools, gammafunk_temple_overflow_wave
D:7:      layout_basic
D:8:      layout_rooms, lair_entry_dummy, serial_corexii_hall,
          corexii_hall_statues_t, chequers_hall_statues_corner_a

Skill      XL: |  1  2  3  4  5  6  7  8  9 |
---------------+----------------------------+-----
Axes           | 4 5 6 |  6.0
Armour         | 3 4 |  4.0
Fighting       | 4 5 6 7 9 10 | 10.9
Dodging        | 2 3 4 5 |  5.1
Evocations     | 2 5 |  5.9

Action                     |  1- 3 |  4- 6 |  7- 9 || total
---------------------------+-------+-------+-------++-------
  Melee: Hand axe          |   135 |   252 |   455 ||   842
  Throw: Boomerang         |    37 |    10 |     6 ||    53
 Invoke: Berserk           |       |     1 |     6 ||     7
         Trog's Hand       |       |       |     1 ||     1
  Evoke: Wand              |       |     1 |     2 ||     3
    Use: Scroll            |     3 |       |    12 ||    15
         Potion            |       |       |     3 ||     3
   Stab: Paralysed         |       |       |     1 ||     1
 Armour: Animal skin       |    39 |       |       ||    39
         Ring mail         |    39 |     5 |       ||    44
         Chain mail        |       |   185 |   415 ||   600
  Dodge: Dodged            |    90 |   101 |   234 ||   425

Table legend: (Time is in decaauts)
 A = Elapsed time spent in this place.
 B = Non-inter-level travel time spent in this place.
 C = Inter-level travel time spent in this place.
 D = Time resting spent in this place.
 E = Time spent auto-exploring this place.
 F = Levels seen in this place.
 G = Mean time per level.
                   A        B        C        D        E       F      G
               +--------+--------+--------+--------+--------+-----+--------+
         Total |   8230 |   7925 |    305 |   1875 |   3582 |   9 |  914.4 |
       Dungeon |   7771 |   7466 |    305 |   1646 |   3582 |   8 |  971.4 |
       Ossuary |    458 |    458 |      0 |    229 |      0 |   1 |  458.0 |
               +--------+--------+--------+--------+--------+-----+--------+

Top non-repeatable levels by time:
     D:3: 1185 daAuts
     D:1: 1116 daAuts
     D:5: 1065 daAuts
     D:2: 1019 daAuts
     D:4: 953 daAuts
     D:7: 938 daAuts
     D:6: 763 daAuts
     D:8: 729 daAuts
 Ossuary: 458 daAuts
